General information
- name: BNet
- type: Ladder team game (AT/RT)
- host: Battle.net
- saver: mubby
map: Cherryville
- players: 8
- length: 07:29
- speed: Fast
- version: 1.28 W3XP
- replay type: Public
» download(66 KB)
Players
team 1 (winner)
beTheYoung (
pink | 150 APM | 1128 actions | 07:29)
2 Death Knight
1 Death Coil
1 Unholy Aura
2 Crypt Lord
1 Carrion Beetles
1 Impale
» actions
| Assign group hotkey | 16 | |
| Basic commands | 64 | |
| Build / train | 39 | |
| ESC pressed | 2 | |
| Enter build submenu | 25 | |
| Enter hero's abilities submenu | 4 | |
| Right click | 490 | |
| Select / deselect | 134 | |
| Select group hotkey | 315 | |
| Use ability | 39 | |
1128 total
» units
| Acolyte | 5 | |
| Ghoul | 2 | |
| Crypt Fiend | 13 | |
20 total
» upgrades
» buildings
| Graveyard | 2 | |
| Crypt | 2 | |
| Altar of Darkness | 2 | |
| Ziggurat | 12 | |
| Tomb of Relics | 2 | |
| Halls of the Dead | 2 | |
| Spirit Tower | 1 | |
| Nerubian Tower | 2 | |
| Necropolis | 1 | |
26 total
» build order
00:05 Graveyard
00:08 Crypt
00:14 Graveyard
00:19 Crypt
00:44 Altar of Darkness
00:57 Ziggurat
01:01 Altar of Darkness
01:08 Ziggurat
01:34 Tomb of Relics
01:38 Tomb of Relics
02:08 Ziggurat
02:16 Ziggurat
04:49 Ziggurat
04:49 Ziggurat
04:50 Ziggurat
05:00 Ziggurat
05:04 Ziggurat
05:05 Ziggurat
05:12 Halls of the Dead
05:13 Halls of the Dead
05:14 Ziggurat
06:02 Spirit Tower
06:03 Nerubian Tower
06:03 Nerubian Tower
06:16 Necropolis
06:42 Ziggurat
» items
| Rod of Necromancy | 2 | |
| Sacrificial Skull | 1 | |
3 total

»
PoissonPP (
yellow | 47 APM | 356 actions | 07:29)
2 Keeper of the Grove
1 Entangling Roots
1 Thorns Aura
» actions
| Assign group hotkey | 5 | |
| Build / train | 22 | |
| Enter build submenu | 11 | |
| Enter hero's abilities submenu | 2 | |
| Right click | 222 | |
| Select / deselect | 78 | |
| Select group hotkey | 3 | |
| Use ability | 13 | |
356 total
» units
» buildings
| Altar of Elders | 1 | |
| Moon Well | 6 | |
| Ancient of War | 2 | |
| Tree of Ages | 1 | |
10 total
» build order
00:45 Altar of Elders
00:54 Moon Well
01:11 Ancient of War
01:33 Ancient of War
02:37 Moon Well
02:39 Moon Well
02:46 Moon Well
03:13 Moon Well
06:24 Tree of Ages
06:28 Moon Well

»
033080 (
green | 57 APM | 425 actions | 07:29)
2 Archmage
1 Blizzard
1 Brilliance Aura
» actions
| Assign group hotkey | 6 | |
| Basic commands | 9 | |
| Build / train | 32 | |
| ESC pressed | 2 | |
| Enter build submenu | 19 | |
| Enter hero's abilities submenu | 2 | |
| Right click | 156 | |
| Select / deselect | 78 | |
| Select group hotkey | 97 | |
| Use ability | 24 | |
425 total
» units
| Peasant | 15 | |
| Acolyte | 2 | |
| Footman | 5 | |
22 total
» buildings
| Altar of Kings | 1 | |
| Farm | 6 | |
| Lumber Mill | 1 | |
| Barracks | 1 | |
| Arcane Vault | 1 | |
| Scout Tower | 7 | |
| Guard Tower | 2 | |
| Arcane Tower | 1 | |
| Keep | 1 | |
| Blacksmith | 1 | |
22 total
» build order
00:22 Altar of Kings
00:28 Farm
00:35 Farm
00:52 Lumber Mill
01:26 Barracks
01:45 Farm
01:49 Farm
02:11 Arcane Vault
02:29 Farm
03:31 Farm
04:34 Scout Tower
04:36 Scout Tower
04:37 Scout Tower
04:40 Scout Tower
04:41 Scout Tower
05:04 Scout Tower
05:06 Scout Tower
05:10 Guard Tower
05:22 Arcane Tower
05:38 Guard Tower
06:02 Keep
06:46 Blacksmith
team 2 (loser)

»
Will (
red | 61 APM | 385 actions | 06:17)
2 Archmage
1 Summon Water Elemental
1 Brilliance Aura
» actions
| Assign group hotkey | 15 | |
| Basic commands | 16 | |
| Build / train | 22 | |
| Enter build submenu | 10 | |
| Enter hero's abilities submenu | 2 | |
| Right click | 92 | |
| Select / deselect | 64 | |
| Select group hotkey | 140 | |
| Use ability | 24 | |
385 total
» units
» buildings
| Altar of Kings | 1 | |
| Farm | 3 | |
| Barracks | 1 | |
| Arcane Vault | 1 | |
| Scout Tower | 5 | |
| Arcane Tower | 1 | |
| Lumber Mill | 1 | |
| Town Hall | 1 | |
14 total
» build order
00:11 Altar of Kings
00:26 Farm
00:40 Barracks
01:01 Farm
01:44 Arcane Vault
02:01 Scout Tower
02:36 Farm
02:41 Arcane Tower
03:00 Lumber Mill
04:14 Town Hall
04:19 Scout Tower
04:20 Scout Tower
04:20 Scout Tower
04:20 Scout Tower
» items
| Lesser Clarity Potion | 1 | |
| Scroll of Regeneration | 2 | |
3 total

»
Lordshesedarkll (
purple | 69 APM | 356 actions | 05:07)
2 Dark Ranger
1 Black Arrow
1 Silence
» actions
| Basic commands | 2 | |
| Build / train | 20 | |
| Enter build submenu | 6 | |
| Enter hero's abilities submenu | 2 | |
| Right click | 186 | |
| Select / deselect | 121 | |
| Use ability | 19 | |
356 total
» units
» buildings
| Altar of Elders | 1 | |
| Moon Well | 3 | |
| Ancient of War | 1 | |
| Tree of Life | 1 | |
| Tree of Ages | 1 | |
7 total
» build order
00:07 Altar of Elders
00:09 Moon Well
00:25 Ancient of War
01:23 Moon Well
02:11 Moon Well
03:32 Tree of Life
04:22 Tree of Ages
mubby (
blue | 12 APM | 89 actions | 07:29)
» actions
| Basic commands | 14 | |
| Right click | 52 | |
| Select / deselect | 22 | |
| Use ability | 1 | |
89 total

»
OverClocked (
orange | 60 APM | 441 actions | 07:23)
2 Warden
1 Shadow Strike
1 Blink
» actions
| Basic commands | 24 | |
| Build / train | 15 | |
| Enter build submenu | 7 | |
| Enter hero's abilities submenu | 2 | |
| Right click | 281 | |
| Select / deselect | 92 | |
| Use ability | 20 | |
441 total
» units
» buildings
| Altar of Elders | 1 | |
| Moon Well | 2 | |
| Ancient of War | 1 | |
| Hunter's Hall | 1 | |
| Tree of Life | 1 | |
6 total
» build order
00:07 Altar of Elders
00:14 Moon Well
01:13 Ancient of War
02:23 Moon Well
02:59 Hunter's Hall
04:18 Tree of Life
Chat log
(00:04 / All) Will: Bye teal
(00:27 / Allies) Will: wat
(00:30 / Allies) Lordshesedarkll: hahahaa
(00:32 / Allies) OverClocked: LUL
(01:19 / Allies) Lordshesedarkll: how can he do that
(01:31 / Allies) Will: i dont know actually
(01:36 / Allies) Will: shift click
(01:56 / Allies) Will: quite sad thought cus it means hes actively doing it
(02:04 / Allies) OverClocked: one peasant chasing the other
(02:14 / Allies) Lordshesedarkll: hahaha
(04:40 / Allies) Will: tech
(04:44 / Allies) Will: thanks for loss lol
(05:11 / All) mubby: gg noob team
(05:18 / Allies) Will: ha
(05:21 / All) beTheYoung: sup red
(05:21 / Allies) Will: you sad fuck
(05:26 / Allies) Will: you are actively doing that
(05:32 / Allies) mubby: am not
(05:36 / All) Will: understandable
(05:39 / All) beTheYoung: leave noob:D
(05:46 / All) Will: how you doing it then
(05:56 / Allies) mubby: it's a dark magic ritual, with dark magic DUH
(05:58 / Allies) Will: explain
(06:07 / Allies) Will: oh ok
(06:10 / Allies) Will: an autistic
(06:11 / Allies) Will: my bad
(06:14 / Allies) Will: have fun lad
(06:17 / Allies) mubby: I'll tell you how
(06:25 / Allies) mubby: sigh was gonna throw in a mom joke
(07:21 / All) mubby: owend lol
(07:22 / All) mubby: LOL
(07:28 / All) mubby: thanks pals